 Dungeon Crawl Stone Soup version 0.21.0 (webtiles) character file.

322 LLlMATKO the Chopper (level 6, -7/84 HPs)
             Began as a Minotaur Berserker on Jan 6, 2018.
             Was a Priest of Trog.
             Killed from afar by Ijyb (20 damage)
             ... with a wand of acid (4)
             ... on level 4 of the Dungeon.
             The game lasted 00:04:39 (2500 turns).

LLlMATKO the Chopper (Minotaur Berserker)           Turns: 2500, Time: 00:04:40

Health: -7/84      AC:  4    Str: 26    XL:     6   Next: 22%
Magic:  5/5        EV: 11    Int:  4    God:    Trog [***...]
Gold:   217        SH:  0    Dex: 12    Spells: 5/5 levels left

rFire    . . .     SeeInvis .   a - +0 hand axe
rCold    . . .     Gourm    .   (no shield)
rNeg     . . .     Faith    .   e - +0 scale mail
rPois    .         Spirit   .   (helmet restricted)
rElec    .         Reflect  .   (no cloak)
rCorr    .         Harm     .   p - +0 pair of gloves
MR       .....                  (no boots)
Stlth    ..........             (no amulet)
HPRegen  0.24/turn              (no ring)
MPRegen  0.09/turn              (no ring)

@: berserking, corroded, very quick
A: retaliatory headbutt, horns 2
a: Berserk, Trog's Hand, Burn Spellbooks, Renounce Religion


You were on level 4 of the Dungeon.
You worshipped Trog.
Trog was most pleased with you.
You were hungry.

You visited 1 branch of the dungeon, and saw 4 of its levels.

You collected 217 gold pieces.

Inventory:

Hand Weapons
 a - a +0 hand axe (weapon)
Armour
 e - a +0 scale mail (worn)
 p - a +0 pair of gloves (worn)
Wands
 j - a wand of polymorph (15)
Scrolls
 b - 3 scrolls of teleportation {unknown}
 d - 3 scrolls of fog
 f - a scroll of random uselessness {unknown}
 k - a scroll of blinking {unknown}
 l - a scroll of noise {unknown}
 m - a scroll of enchant armour {unknown}
 q - a scroll of magic mapping {unknown}
Potions
 g - 3 potions of heal wounds {unknown}
 h - 2 potions of mutation {unknown}
 i - a potion of degeneration {unknown}
 n - a potion of ambrosia {unknown}
 o - a potion of curing {unknown}
 s - a potion of brilliance {unknown}
Comestibles
 c - 10 rations
 r - a chunk of flesh


   Skills:
 + Level 5.2 Fighting
 * Level 6.5 Axes
 + Level 4.4 Armour
 - Level 2.1 Dodging


You had 5 spell levels left.
You didn't know any spells.

Dungeon Overview and Level Annotations

Branches:
Dungeon (4/15)             Temple (0/1) D:4

Altars:
Cheibriados
Dithmenos
Qazlal
Ru
Trog

Annotations:
D:4 Ijyb


Innate Abilities, Weirdness & Mutations

You reflexively headbutt those who attack you in melee.
You have a pair of horns on your head.


Message History

* * * LOW HITPOINT WARNING * * *
You hit Ijyb but do no damage. You headbutt Ijyb.
Ijyb is lightly wounded.
You barely miss Ijyb.
Ijyb is lightly wounded.
Ijyb hits you but does no damage.
You hit Ijyb.
Ijyb is moderately wounded.
Ijyb hits you but does no damage.
You hit Ijyb. You headbutt Ijyb.
Ijyb is heavily wounded.
You are too injured to fight recklessly!
You are too injured to fight recklessly!
You barely miss Ijyb.
Ijyb is heavily wounded.
Ijyb closely misses you.
You barely miss Ijyb.
Ijyb is heavily wounded.
Ijyb zaps a wand.
The bolt of acid hits you!
You die...

######### #####
#.......# ....#
#.......# ....####
#.......# ...))..#
#.......# .# .# ....##.#
#.......# .#... .....#.#
#......g##.#..# ..##.#.#
#.%....@....... .....#†#
#....(.......##
######÷#######..........
................%.......
#.......######.......###
#.8(8.8.######.......#
...⌠.⌠.......+.......#
..8.>.8..#####.......#
...⌠.⌠...(...........(..


You could see Ijyb.

Vanquished Creatures
  Duvessa (D:4)
  Dowan (D:4)
  An iguana (D:4)
  A worker ant (D:3)
  2 adders (D:3)
  6 worms
  2 dart slugs
  4 leopard geckos
  2 ball pythons
  5 bats
  A giant cockroach (D:1)
  5 goblins
  7 hobgoblins
  8 jackals
  3 quokkas (D:2)
  3 frilled lizards
  8 kobolds
  5 rats
65 creatures vanquished.

Notes
Turn   | Place    | Note
-------+----------+-------------------------------------------
     0 | D:1      | LLlMATKO the Minotaur Berserker began the quest for the Orb.
     0 | D:1      | Reached XP level 1. HP: 19/19 MP: 0/0
   142 | D:1      | Reached skill level 4 in Axes
   142 | D:1      | Reached XP level 2. HP: 20/27 MP: 1/1
   705 | D:2      | Reached XP level 3. HP: 33/33 MP: 2/2
   739 | D:2      | Reached ** piety under Trog
  1018 | D:2      | Found a sacrificial altar of Ru.
  1018 | D:2      | Found a shadowy altar of Dithmenos.
  1072 | D:2      | Found a stormy altar of Qazlal.
  1082 | D:2      | Noticed a fire elemental
  1082 | D:2      | Noticed an earth elemental
  1083 | D:2      | Noticed an air elemental
  1083 | D:2      | Noticed a water elemental
  1707 | D:3      | Reached XP level 4. HP: 40/40 MP: 3/3
  1743 | D:3      | Reached skill level 5 in Axes
  1982 | D:3      | Found a faded altar of an unknown god.
  2312 | D:3      | Found a bloodstained altar of Trog.
  2340 | D:3      | Found a snail-covered altar of Cheibriados.
  2416 | D:4      | Noticed Duvessa
  2418 | D:4      | Noticed Dowan
  2425 | D:4      | Killed Duvessa
  2425 | D:4      | Reached skill level 5 in Fighting
  2425 | D:4      | Reached skill level 6 in Axes
  2425 | D:4      | Reached XP level 5. HP: 48/48 MP: 4/4
  2432 | D:4      | Killed Dowan
  2432 | D:4      | Reached XP level 6. HP: 56/56 MP: 5/5
  2453 | D:4      | Found a staircase to the Ecumenical Temple.
  2460 | D:4      | Reached *** piety under Trog
  2490 | D:4      | Noticed Ijyb
  2500 | D:4      | Killed from afar by Ijyb

Skill      XL: |  1  2  3  4 |
---------------+-------------+-----
Axes           | 4 6 |  6.5
Fighting       | 4 5 |  5.2
Armour         | 3 4 |  4.4
Dodging        | |  2.1

Action                   |  1- 3 |  4- 6 || total
-------------------------+-------+-------++-------
Melee: Hand axe          |   100 |    46 ||   146
       Headbutt          |    16 |    11 ||    27
       Unarmed           |       |    17 ||    17
Invok: Burn Spellbooks   |       |     1 ||     1
       Berserk           |       |     1 ||     1
  Use: Scroll            |     1 |       ||     1
 Stab: Confused          |       |     2 ||     2
  Eat: Chunk             |     2 |     3 ||     5
Armor: Animal skin       |     2 |       ||     2
       Scale mail        |    44 |    18 ||    62
       Skin              |       |     3 ||     3
Dodge: Dodged            |    43 |    32 ||    75
